 Dungeon Crawl Stone Soup version 0.32-a0-422-g28b100f618 (webtiles) character file.

Game seed: 10912316372859317554

158 Dittersdorf the Shield-Bearer (level 5, -9/33 HPs)
             Began as a Gargoyle Fighter on Feb 21, 2024.
             Killed by divine providence
             ... invoked by an orc priest
              (10 damage)
             ... on level 4 of the Dungeon.
             The game lasted 00:02:12 (2205 turns).

Dittersdorf the Shield-Bearer (Gargoyle Fighter)    Turns: 2205, Time: 00:02:12

Health: -9/33      AC: 11    Str: 22    XL:     5   Next: 40%
Magic:  5/5        EV:  9    Int:  8    God:
Gold:   199        SH:  4    Dex:  9    Spells: 4/4 levels left

rFire   . . .        a - +0 flail
rCold   . . .        c - +0 buckler
rNeg    + . .        b - +0 scale mail
rPois   ∞            (no helmet)
rElec   +            (no cloak)
rCorr   .            (no gloves)
SInv    .            (no boots)
Will    .....        (no amulet) Stlth
                     h - ring of wizardry
HPRegen 0.25/turn    (no ring)
MPRegen 0.09/turn

%: wizardry (x1)
@: no status effects
A: sickness immunity, AC +4, negative energy resistance 1, electricity
resistance, torment resistance 1, petrification resistance
a: Convert to Beogh


You were on level 4 of the Dungeon.
You visited 1 branch of the dungeon, and saw 4 of its levels.

You collected 199 gold pieces.

Inventory:

Hand Weapons
 a - a +0 flail (weapon)
Armour
 b - a +0 scale mail (worn)
 c - a +0 buckler (worn)
Jewellery
 h - a ring of wizardry (left hand)
Scrolls
 e - a scroll of fear {unknown}
 g - a scroll of fog
Potions
 d - a potion of might
 f - 2 potions of curing {unknown}
 i - 2 potions of berserk rage {unknown}
 k - a potion of enlightenment


   Skills:
 + Level 4.3 Fighting
 + Level 3.1 Maces & Flails
 + Level 4.3 Armour
 + Level 4.3 Shields


You had 4 spell levels left.
You didn't know any spells.
Your spell library contained the following spells:

 Spells                   Type           Power      Damage    Failure   Level
 Apportation              Tloc           0%         N/A       45%         1
 Necrotise                Necr           0%         1d4       45%         1
 Slow                     Hex            0%         N/A       45%         1
 Sting                    Conj/Alch      0%         1d3       45%         1
 Summon Small Mammal      Summ           0%         N/A       45%         1
 Confusing Touch          Hex            0%         N/A       82%         3
 Sigil of Binding         Hex            0%         N/A       82%         3
 Vampiric Draining        Necr           0%         2d6       82%         3


Dungeon Overview and Level Annotations

Branches:
Dungeon (4/15)
 Temple: D:4-7

Altars:

Shops:
D:2 (   D:3 (


Innate Abilities, Weirdness & Mutations

You are immune to sickness and miasma.
Your stone body is resilient. (AC +4)
You are immune to poison.
You resist negative energy. (rN+)
You are resistant to electric shocks. (rElec)
You are resistant to unholy torment.
You are immune to petrification.


Message History

You closely miss the orc priest.
The orc priest invokes the aid of Beogh against you.
Pain shoots through your body!
You barely miss the orc priest.
The orc priest hits you but does no damage.
The orc priest hits you with a +0 trident.
You are too injured to fight recklessly!
You are too injured to fight recklessly!
You are too injured to fight recklessly!
You are too injured to fight recklessly!
You are too injured to fight recklessly!
You are too injured to fight recklessly!
You are too injured to fight recklessly!
You are too injured to fight recklessly!
You are too injured to fight recklessly!
You are too injured to fight recklessly!
You are too injured to fight recklessly!
You are too injured to fight recklessly!
You are too injured to fight recklessly!
You are too injured to fight recklessly!
You are too injured to fight recklessly!
You are too injured to fight recklessly!
You are too injured to fight recklessly!
You are too injured to fight recklessly!
You closely miss the orc priest.
The orc priest mumbles some strange prayers to Beogh against you.
Pain shoots through your body!
You closely miss the orc priest.
The orc priest shouts, "The Pantheon deserves no one's loyalty.
Let us show you the true path!" The orc priest closely misses you.
You closely miss the orc priest.
The orc priest hits you but does no damage.
You barely miss the orc priest. The orc priest barely misses you.
The orc priest invokes the aid of Beogh against you.
Beogh smites you!
* * * LOW HITPOINT WARNING * * *
You barely miss the orc priest.
The orc priest calls down the wrath of Beogh upon you.
Beogh smites you!
You die...

........>.......#.#.#
#.
...#.#...........#.#
#.
#.#+#..#####....#.#
#.
#...............#.#
#.
#......######.#.#.#
#.
#......######.#.#.#
#§
#.#+#.....<.#.#.#.#
#§ #
#.##.######.#.#.# #§
.#...@.........#.# ##
.......o.........#.#
##.####.#####......#
# #.# #.###### #.#
#.# #.# #.#
#.####.#####.#
#............#
######o#######


You could see an orc priest.

Vanquished Creatures
  Jessica (D:2)
  An orc wizard (D:3)
  2 adders (D:2)
  2 dart slugs
  3 orcs (D:3)
  5 ball pythons
  3 bats
  5 endoplasms
  A giant cockroach (D:1)
  3 goblins
  5 hobgoblins
  3 jackals (D:3)
  3 quokkas
  4 frilled lizards
  3 kobolds
  4 rats
48 creatures vanquished.

Notes
Turn   | Place    | Note
-------+----------+-------------------------------------------
     0 | D:1      | Dittersdorf the Gargoyle Fighter began the quest for the
                  | Orb.
     0 | D:1      | Reached XP level 1. HP: 14/14 MP: 1/1
   140 | D:1      | Reached XP level 2. HP: 16/19 MP: 2/2
   507 | D:1      | Reached XP level 3. HP: 22/23 MP: 3/3
   888 | D:2      | Reached XP level 4. HP: 26/29 MP: 4/4
   945 | D:2      | Found Caris's Antique Weapon Shop.
  1102 | D:2      | Noticed Jessica
  1111 | D:2      | Killed Jessica
  1236 | D:3      | Found Oxzimoghi's Weapon Shoppe.
  1475 | D:3      | Reached XP level 5. HP: 33/33 MP: 5/5
  2204 | D:4      | HP: 1/33 [orc priest/divine providence (12)]
  2205 | D:4      | Killed from afar by an orc priest

Illustrated notes

Levels and vault maps discovered:
D:1:      heliophobic_arrival_henge, layout_loops_ring
D:2:      layout_rooms, serial_shops, nicolae_shop_back_alley_shop,
          kennysheep_potato, uniq_jessica
D:3:      layout_loops_cross, serial_shops, nicolae_square_shop
D:4:      layout_basic

Skill      XL: |  1  2  3  4 |
---------------+-------------+-----
Shields        | 4 |  4.3
Armour         | 4 |  4.3
Fighting       | 4 |  4.3
Maces & Flails | 3 |  3.1

Action                     |  1- 3 |  4- 6 || total
---------------------------+-------+-------++-------
  Melee: Flail             |    93 |    84 ||   177
    Use: Scroll            |       |     4 ||     4
 Armour: Scale mail        |    56 |    79 ||   135
  Dodge: Dodged            |    52 |    42 ||    94
  Block: Buckler           |    26 |    28 ||    54

Table legend: (Time is in decaauts)
 A = Elapsed time spent in this place.
 B = Non-inter-level travel time spent in this place.
 C = Inter-level travel time spent in this place.
 D = Time resting spent in this place.
 E = Time spent auto-exploring this place.
 F = Levels seen in this place.
 G = Mean time per level.
                   A        B        C        D        E       F      G
               +--------+--------+--------+--------+--------+-----+--------+
         Total |   2267 |   2179 |     88 |    134 |   1565 |   4 |  566.8 |
       Dungeon |   2267 |   2179 |     88 |    134 |   1565 |   4 |  566.8 |
               +--------+--------+--------+--------+--------+-----+--------+

Top non-repeatable levels by time:
     D:3: 819 daAuts
     D:1: 721 daAuts
     D:2: 531 daAuts
     D:4: 196 daAuts
